 Dungeon Crawl Stone Soup version 0.31-a0-237-g2d982f9f85 (webtiles) character file.

Game seed: 489812564027667115

68 qw the Shooter (level 4, -2/26 HPs)
             Began as a Gargoyle Hexslinger on July 11, 2023.
             Slain by a gnoll
             ... wielding a +0 spear
              (3 damage)
             ... on level 2 of the Dungeon.
             The game lasted 00:00:29 (1520 turns).

qw the Shooter (Gargoyle Hexslinger)                Turns: 1520, Time: 00:00:30

Health: -2/26      AC:  5    Str: 12    XL:     4   Next: 19%
Magic:  5/5        EV: 12    Int: 13    God:
Gold:   20         SH:  0    Dex: 14    Spells: 4/5 levels left

rFire   . . .        Y - +1 sling
rCold   . . .        (no shield)
rNeg    + . .        c - +0 robe
rPois   inf          (no helmet)
rElec   +            (no cloak)
rCorr   .            (no gloves)
SInv    .            (no boots)
Will    .....        h - amulet of regeneration
Stlth   +            (no ring)
HPRegen 1.04/turn    (no ring)
MPRegen 0.09/turn

%: no passive effects
@: no status effects
A: sickness immunity, AC +3, negative energy resistance 1, electricity
resistance, torment resistance 1, petrification resistance
a: no special abilities


You were on level 2 of the Dungeon.
You visited 1 branch of the dungeon, and saw 2 of its levels.

You collected 40 gold pieces.
You spent 20 gold pieces at shops.


Innate Abilities, Weirdness & Mutations

You are immune to sickness and miasma.
Your stone body is resilient. (AC +3)
You are immune to poison.
You resist negative energy. (rN+)
You are resistant to electric shocks. (rElec)
You are resistant to unholy torment.
You are immune to petrification.


   Skills:
 - Level 2.0 Fighting
 + Level 4.0 Ranged Weapons
 - Level 1.5 Dodging
 - Level 1.0 Spellcasting
 - Level 2.6 Hexes


You had 4 spell levels left.
You knew the following spells:

 Your Spells              Type           Power      Damage    Failure   Level
a - Slow                  Hex            28%        N/A       10%         1

Your spell library contained the following spells:

 Spells                   Type           Power      Damage    Failure   Level
 Inner Flame              Hex/Fire       4%         N/A       43%         3
 Portal Projectile        Hex/Tloc       8%         N/A       43%         3
 Cause Fear               Hex            3%         N/A       67%         4

Inventory:

Hand Weapons
 Y - a +1 sling (weapon)
Armour
 c - a +0 robe (worn)
Jewellery
 h - an amulet of regeneration (around neck)
Scrolls
 a - a scroll of enchant armour {unknown}
 d - a scroll of identify
 g - a scroll of teleportation
Potions
 b - a potion of heal wounds {unknown}
 f - a potion of might {unknown}
 i - a potion of enlightenment {unknown}

Dungeon Overview and Level Annotations

Branches:
Dungeon (2/15)

Altars:

Shops:
D:1 *


Message History

1508 ||| Stepping ~*~*~tactically~*~*~ (outnumbered). 2 gnolls come into view.
The gnoll barely misses you.
You shoot a sling bullet.
The sling bullet hits the gnoll but does no damage.
The gnoll closely misses you. The gnoll completely misses you.
The gnoll hits you with a +1 heavy halberd.
You shoot a sling bullet. The sling bullet hits the gnoll.
The gnoll is lightly wounded.
The gnoll closely misses you.
You shoot a sling bullet. The sling bullet hits the gnoll.
The gnoll is moderately wounded.
The gnoll hits you with a +1 heavy halberd!
The gnoll barely misses you.
You shoot a sling bullet. The sling bullet hits the gnoll.
The gnoll is severely wounded.
The gnoll closely misses you. x2
You shoot a sling bullet.
The sling bullet hits the gnoll but does no damage.
The gnoll is severely wounded.
The gnoll hits you but does no damage. The gnoll closely misses you.
You shoot a sling bullet. The sling bullet hits the gnoll.
You kill the gnoll!
The gnoll hits you from afar with a +0 halberd.
Your Ranged Weapons skill increases to level 4!
1516 ||| Stepping ~*~*~tactically~*~*~ (outnumbered).
You start resting.
A gnoll is nearby!
You shoot a sling bullet. The sling bullet hits the gnoll.
The gnoll is moderately wounded.
The gnoll hits you from afar with a +0 spear.
You shoot a sling bullet. The sling bullet hits the gnoll.
The gnoll is heavily wounded.
The gnoll closely misses you.
You shoot a sling bullet.
The sling bullet completely misses the gnoll.
The gnoll hits you with a +0 halberd!
Ouch! That really hurt!
The gnoll hits you from afar with a +0 spear.
You die...

######### ...ggg)g# ######
###g## #....# #.@..# #....#
#....# #....# ##....##
#....#### #......# #........
#......# #........ #......#
#........
........#......#######......
........####.####...........
#...........#
#.####...........


You could see 2 gnolls.

Vanquished Creatures
  A gnoll (D:2)
  An adder (D:2)
  2 dart slugs (D:1)
  7 endoplasms
  2 giant cockroaches
  A goblin (D:1)
  4 hobgoblins
  3 jackals (D:1)
  2 quokkas
  10 ball pythons
  4 bats
  A frilled lizard (D:2)
  A kobold (D:1)
  2 rats (D:1)
41 creatures vanquished.

Notes
Turn   | Place    | Note
-------+----------+-------------------------------------------
     0 | D:1      | qw the Gargoyle Hexslinger began the quest for the Orb.
     0 | D:1      | Reached XP level 1. HP: 12/12 MP: 2/2
     0 | D:1      | 0 ||| qw: Version: 0.3-a-52-g30416fa
     0 | D:1      | 0 ||| qw: Game counter: 5640
     0 | D:1      | 0 ||| qw: Melee chars always use a shield: true
     0 | D:1      | 0 ||| qw: God list: Okawaru
     0 | D:1      | 0 ||| qw: Allow faded altars: false
     0 | D:1      | 0 ||| qw: Do Orc after clearing Dungeon:15 true
     0 | D:1      | 0 ||| qw: Do second Lair branch before Depths: true
     0 | D:1      | 0 ||| qw: Lair rune preference: random
     0 | D:1      | 0 ||| qw: Goals: Normal
     0 | D:1      | 0 ||| PLANNING D:1-11
    53 | D:1      | Reached XP level 2. HP: 16/16 MP: 3/3
   198 | D:1      | Reached skill level 3 in Ranged Weapons
   507 | D:1      | Reached XP level 3. HP: 21/21 MP: 4/4
   538 | D:1      | Found Ygiceg's Assorted Antiques.
   551 | D:1      | 551 ||| BUYING fuming blue potion (20 gold).
   551 | D:1      | Bought a fuming blue potion for 20 gold pieces
   551 | D:1      | 551 ||| SHOPLISTING glowing shortbow (138 gold, have 0).
   551 | D:1      | 551 ||| SHOPLISTING heavy robe (131 gold, have 0).
   551 | D:1      | 551 ||| SHOPLISTING red potion (20 gold, have 0).
   551 | D:1      | 551 ||| SHOPLISTING runed glass wand (92 gold, have 0).
   551 | D:1      | 551 ||| SHOPLISTING runed leather armour (115 gold, have
                  | 0).
   551 | D:1      | 551 ||| SHOPLISTING scroll labelled FAN DAOCIHU (23 gold,
                  | have 0).
   985 | D:1      | 985 ||| UPGRADING to amulet of regeneration.
   990 | D:1      | 990 ||| READING scroll labelled ESOMU MOFF.
   991 | D:1      | 991 ||| READING scroll labelled ZAYPPI RU NAFOE.
   992 | D:1      | 992 ||| READING 2 scrolls labelled UMITRA AFFOUB.
   996 | D:1      | 996 ||| DROPPING scroll of poison.
  1323 | D:2      | Reached XP level 4. HP: 26/26 MP: 5/5
  1506 | D:2      | 1506 ||| Stepping ~*~*~tactically~*~*~ (outnumbered).
  1508 | D:2      | 1508 ||| Stepping ~*~*~tactically~*~*~ (outnumbered).
  1516 | D:2      | Reached skill level 4 in Ranged Weapons
  1516 | D:2      | 1516 ||| Stepping ~*~*~tactically~*~*~ (outnumbered).
  1520 | D:2      | HP: 1/26 [gnoll/+0 halberd (15)]
  1520 | D:2      | Slain by a gnoll

Levels and vault maps discovered:
D:1:      roderic_chinese_lattice_arrival, layout_basic, serial_shops,
          nicolae_shop_crystal
D:2:      layout_basic, corexii_item_surrounded_by_moat

Skill      XL: |  1  2  3  4 |
---------------+-------------+-----
Ranged Weapons | 3 4 |  4.0
Fighting       | 2 |  2.0
Dodging        | |  1.5
Spellcasting   | |  1.0
Hexes          | |  2.6

Action                     |  1- 3 |  4- 6 || total
---------------------------+-------+-------++-------
   Fire: Sling             |    97 |    15 ||   112
    Use: Scroll            |     3 |       ||     3
 Armour: Robe              |    15 |     4 ||    19
  Dodge: Dodged            |    42 |    11 ||    53

Table legend:
 A = Non-vault XP
 B = Vault XP
 C = Vault XP percentage of total XP
 D = Non-vault monster count
 E = Vault monster count
 F = Vault count percentage of total count
                 A         B        C        D         E       F
            +---------+---------+-------+---------+---------+-------
      Total |      98 |       0 |   0.0 |      41 |       0 |   0.0
            +---------+---------+-------+---------+---------+-------
        D:1 |      47 |       0 |   0.0 |      25 |       0 |   0.0
        D:2 |      51 |       0 |   0.0 |      16 |       0 |   0.0
            +---------+---------+-------+---------+---------+-------
